Description

x

Replay - A.I. 2 (Very Easy) v Soon - [TLMC17] Cryolysis

Build Order

Get SALT Encoding   

  12  0:00  SCV  
  13  0:12  SCV  
  14  0:17  Supply Depot  
  14  0:24  SCV  
  15  0:39  SCV  
  15  0:40  Barracks  
  16  0:43  Refinery  
  16  0:51  SCV  
  16  0:55  Refinery  
  17  1:03  SCV  
  18  1:15  SCV  
  19  1:27  Reaper, Orbital Command  
  19  1:29  Supply Depot  
  20  1:44  Factory  
  20  1:52  SCV  
  21  2:01  Reaper  
  22  2:04  SCV  
  23  2:14  Command Center  
  23  2:18  SCV  
  24  2:27  Hellion  
  26  2:32  Supply Depot  
  26  2:35  Barracks Reactor  
  28  2:50  Factory Tech Lab  
  28  2:52  Barracks  
  29  3:03  Barracks  
  29  3:10  Cyclone  
  33  3:13  Marine x2  
  35  3:26  Orbital Command  
  36  3:31  Marine x2  
  39  3:40  Barracks Tech Lab  
  39  3:42  Siege Tank  
  43  3:53  Barracks Tech Lab, Supply Depot  
  44  3:57  Marine x2  
  47  4:04  Stimpack  
  47  4:05  Marine  
  49  4:16  Supply Depot  
  50  4:17  Siege Tank  
  54  4:26  Marine x2  
  54  4:30  Combat Shield  
  57  4:34  Marine  
  62  4:52  Siege Tank  
  70  5:00  Engineering Bay  
  70  5:01  Refinery  
  71  5:12  Starport  
  72  5:26  Bunker x2  
  72  5:29  Terran Infantry Weapons Level 1  
  74  5:36  Refinery  
  74  5:39  Marauder x2  
  81  5:45  Factory Reactor  
  81  5:48  Command Center  
  81  5:50  Starport Reactor  
  83  6:01  Marauder x2  
  87  6:09  Barracks x2  
  89  6:16  Concussive Shells  
  91  6:29  Medivac x2  
  95  6:33  Marauder x2  
  103  6:51  Widow Mine x2  
  109  7:02  Barracks Reactor  
  109  7:07  Marauder x3  
  109  7:08  Medivac x2  
  121  7:20  Orbital Command  
  121  7:23  Terran Infantry Armor Level 1  
  121  7:29  Marauder  
  127  7:33  Widow Mine x2  
  135  7:53  Medivac x2  
  148  8:07  Command Center  
  148  8:12  Engineering Bay  
  148  8:14  Armory  
  154  8:35  Ghost Academy  
  154  8:36  Barracks x3  
  154  8:37  Refinery x2  
  157  8:48  Missile Turret x2  
  157  8:54  Medivac x2  
  157  8:55  Missile Turret  
  167  9:06  Enhanced Shockwaves  
  168  9:17  Missile Turret  
  168  9:31  Barracks Tech Lab x3  
Spawning Tool Build Advisor. Get it on Overwolf

Go to:

Details

  • Created by: ferret
  • Published on: Dec 30, 2022
  • Modified on: Dec 30, 2022
  • Patch: 4.11.0
  • Difficulty: Medium
Show
View Real Time Build Order
Export as new Build Order

Comments (0)

There are no comments. Be the first!

Create an account to comment!